 Dungeon Crawl Stone Soup version 0.20.0-15-g7f486f2 (webtiles) character file.

17 straycat the Skirmisher (level 2, -1/36 HPs)
             Began as a Vampire Wanderer on July 1, 2017.
             Slain by a kobold
             ... wielding a +0 short sword
              (2 damage)
             ... on level 1 of the Dungeon.
             The game lasted 00:02:37 (594 turns).

straycat the Skirmisher (Vampire Wanderer)           Turns: 594, Time: 00:02:37

Health: -1/36      AC: 21    Str: 11    XL:     2   Next: 44%
Magic:  5/5        EV:  2    Int: 11    God:
Gold:   0          SH:  0    Dex: 16    Spells: 5/5 levels left

rFire    . . .     SeeInvis +   d - +0 club
rCold    . . .     Gourm    .   (no shield)
rNeg     + + +     Faith    .   (armour currently unavailable)
rPois    +         Spirit   .   (helmet currently unavailable)
rElec    .         Reflect  .   (cloak currently unavailable)
rCorr    .         Harm     .   (gloves currently unavailable)
MR       .....     NoTele   +   (boots currently unavailable)
Stlth    ++........             (no amulet)
Regen    0.2/turn               (no ring)
MPRegen  0.1/turn               (no ring)

@: tree-form
A: see invisible
a: no special abilities


You were on level 1 of the Dungeon.
You were not thirsty.
You were a tree.
You visited 1 branch of the dungeon, and saw 1 of its levels.

Inventory:

Hand Weapons
 b - a +2 blowgun
 d - a +0 club (weapon)
Missiles
 a - 3 curare-tipped needles
 g - 19 arrows
 l - 32 stones (quivered)
Armour
 e - a +0 robe (melded)
 h - a +0 chain mail
Scrolls
 i - 2 scrolls of remove curse {unknown}
 k - a scroll of identify {unknown}
 m - a scroll of fear {unknown}
Potions
 f - 8 potions of blood
 j - a potion of heal wounds {unknown}
 n - a potion of ambrosia {unknown}


   Skills:
 + Level 3.0 Fighting
 - Level 1.0 Throwing
 * Level 1.3 Dodging
 * Level 2.4 Stealth
 - Level 2.1 Unarmed Combat
 - Level 2.0 Spellcasting
   Level 1.0 Translocations


You had 5 spell levels left.
You didn't know any spells.

Dungeon Overview and Level Annotations

Branches:
Dungeon (1/15)

Altars:


Innate Abilities, Weirdness & Mutations

((You have razor-sharp teeth.))
You have supernaturally acute eyesight. (SInv)
((You can survive without breathing.))


Message History

The giant cockroach bites you but does no damage.
The kobold hits you but does no damage.
The giant cockroach bites you but does no damage.
Unknown command.
You barely miss the giant cockroach. The kobold hits you but does no damage.
The giant cockroach bites you.
* * * LOW HITPOINT WARNING * * *
Unknown command.
You hit the kobold but do no damage.
The kobold is heavily wounded.
The kobold hits you but does no damage.
The giant cockroach bites you but does no damage.
The kobold hits you but does no damage.
The giant cockroach bites you but does no damage.
Unknown command.
You closely miss the kobold.
The kobold is heavily wounded.
The giant cockroach bites you but does no damage.
The kobold hits you with a short sword.
You die...

.# #.# ####
.# ###... #.#
.##
......###.##
....
...........#
####
......###..##
.#
............#
.#
............#
.#
.......K.÷..#
.#
......s♣$...#
.#
........†...#
.#
....#####.#.#
.# .... #.#+#
## . #.. #.?.
#l... #..[..


You could see a giant cockroach and a kobold.

Vanquished Creatures
  A dart slug (D:1)
  A leopard gecko (D:1)
  A giant cockroach (D:1)
  2 goblins (D:1)
  A hobgoblin (D:1)
  2 jackals (D:1)
  A kobold (D:1)
  5 rats (D:1)
14 creatures vanquished.

Notes
Turn   | Place    | Note
-------+----------+-------------------------------------------
     0 | D:1      | straycat the Vampire Wanderer began the quest for the Orb.
     0 | D:1      | straycat set off with: 3 curare-tipped needles, a +2 blowgun, a potion of lignification, a potion of curing, a +0 robe, a potion of blood
     0 | D:1      | Reached XP level 1. HP: 17/17 MP: 3/3
    66 | D:1      | Reached skill level 1 in Dodging
    79 | D:1      | Reached XP level 2. HP: 9/23 MP: 5/5
   590 | D:1      | Reached skill level 3 in Fighting
   592 | D:1      | HP: 1/36 [giant cockroach (2)]
   594 | D:1      | Slain by a kobold

Skill      XL: |  1  2 |
---------------+-------+-----
Stealth        | 2 |  2.4
Dodging        | 1 |  1.3
Fighting       | 3 |  3.0
Throwing       | |  1.0
Unarmed Combat | |  2.1
Spellcasting   | |  2.0
Translocations | |  1.0

Action                   || total
-------------------------++-------
Melee: Unarmed           ||    32
       Bite              ||     5
       Punch             ||     2
       Club              ||    20
  Use: Potion            ||     2
 Stab: Sleeping          ||     1
Armor: Robe              ||     7
       Skin              ||    37
Dodge: Dodged            ||    24
